 Dungeon Crawl Stone Soup version 0.24-a0-368-g0e0cebd0f3 (webtiles) character file.

Game seed: 15186827346183868256

6638 nikopol the Thaumaturge (level 10, -3/52 HPs)
             Began as a Deep Elf Fire Elementalist on May 29, 2019.
             Was a High Priest of Vehumet.
             Slain by a polar bear (7 damage)
             ... on level 13 of the Dungeon.
             The game lasted 00:36:43 (10865 turns).

nikopol the Thaumaturge (DEFE)                     Turns: 10865, Time: 00:36:44

Health: -3/52      AC:  4    Str:  5    XL:     10   Next: 72%
Magic:  20/28      EV: 14    Int: 24    God:    Vehumet [*****.]
Gold:   499        SH:  0    Dex: 15    Spells: 16/33 levels left

rFire    . . .     SeeInvis .   y - staff of energy
rCold    . . .     Gourm    .   (no shield)
rNeg     . . .     Faith    +   a - +0 robe
rPois    .         Spirit   .   t - +0 helmet
rElec    .         Reflect  .   (no cloak)
rCorr    .         Harm     .   m - +0 pair of gloves
MR       +....                  (no boots)
Stlth    ++++......             w - amulet of faith
HPRegen  0.17/turn              u - ring of stealth
MPRegen  0.21/turn              (no ring)

@: no status effects
A: no striking features
a: Renounce Religion


You were on level 13 of the Dungeon.
You worshipped Vehumet.
Vehumet was extremely pleased with you.
You were not hungry.

You visited 1 branch of the dungeon, and saw 13 of its levels.
You also visited: Sewer.

You collected 499 gold pieces.

Inventory:

Hand Weapons
 i - a +1 short sword of electrocution
 B - a +5 dagger of venom
Armour
 a - a +0 robe (worn)
 m - a +0 pair of gloves (worn)
 t - a +0 helmet (worn)
Magical Staves
 y - an uncursed staff of energy (weapon)
Jewellery
 u - a ring of stealth (left hand)
 w - an amulet of faith (around neck)
 z - an uncursed ring of ice
Wands
 e - a wand of acid (7)
 k - a wand of polymorph (15)
 q - a wand of flame (54)
 x - a wand of iceblast (6)
Scrolls
 f - 5 scrolls of teleportation
 h - 2 scrolls of identify
 j - 4 scrolls of amnesia
 o - 3 scrolls of fear
 r - 7 scrolls of remove curse
 s - a scroll of enchant weapon
 v - 2 scrolls of magic mapping
 A - a scroll of blinking {unknown}
Potions
 b - 7 potions of brilliance
 d - 2 potions of heal wounds
 g - 6 potions of curing
 l - a potion of resistance
 n - 4 potions of lignification
 p - 3 potions of flight
 D - a potion of haste
Comestibles
 c - 13 rations
 C - a chunk of flesh


   Skills:
 + Level 1.1 Fighting
 + Level 4.3 Dodging
 + Level 5.3 Stealth
 + Level 12.2 Spellcasting
 + Level 9.7 Conjurations
 + Level 10.2 Fire Magic
 + Level 0.8 Evocations


You had 16 spell levels left.
You knew the following spells:

 Your Spells              Type           Power        Failure   Level  Hunger
a - Flame Tongue          Conj/Fire      #####        1%          1    None
b - Throw Flame           Conj/Fire      ######       1%          2    None
c - Conjure Flame         Conj/Fire      ######..     1%          3    None
d - Sticky Flame          Conj/Fire      ######..     1%          4    None
e - Fireball              Conj/Fire      ######....   1%          5    None
k - Blink                 Tloc           N/A          6%          2    None

Your spell library contained the following spells:

 Spells                   Type           Power        Failure   Level  Hunger
 Conjure Ball Lightning   Conj/Air       #####.....   22%         6    None
 Magic Dart               Conj           ####         1%          1    None
 Inner Flame              Hex/Fire       #####...     1%          3    None
 Mephitic Cloud           Conj/Pois/Air  ####....     1%          3    None
 Confusing Touch          Hex            ##....       4%          1    None
 Call Imp                 Summ           ##......     6%          2    None
 Poisonous Vapours        Pois/Air       ##....       6%          2    None
 Slow                     Hex            ##......     6%          2    None
 Confuse                  Hex            ##......     13%         3    None
 Gell's Gravitas          Tloc           ##........   13%         3    None
 Yara's Violent Unravell  Hex/Tmut       ##........   28%         5    None
 Petrify                  Tmut/Erth      ##......     38%         4    None
 Freezing Cloud           Conj/Ice/Air   ####......   38%         6    None
 Metabolic Englaciation   Hex/Ice        ##........   75%         5    None
 Ring of Flames           Chrm/Fire      #####.....   99%         7    None


Dungeon Overview and Level Annotations

Branches:
Dungeon (14/15)            Temple (0/1) D:7
   Lair: D:8-11         Orc: D:9-12      Vaults: D:13-14

Altars:
Cheibriados
Dithmenos
Elyvilon
Fedhas
Gozag
Hepliaklqana
Nemelex Xobeh
Qazlal
Vehumet
Wu Jian


Message History

Confirm with . or Enter, or press ? or * to list all spells.
Aiming: Sticky Flame (safe; 1% risk of failure)
Press: ? - help, Shift-Dir - straight line, f/p - polar bear
Aim: a polar bear (heavily wounded)
The sticky flame hits the polar bear.
The polar bear is severely wounded.
The polar bear is covered in liquid flames!
The polar bear burns!
The polar bear goes berserk!
The white imp gestures at you. The puff of frost hits you!
The polar bear burns!
The polar bear bites you! The polar bear claws you.
The polar bear barely misses you.
The polar bear burns!
The polar bear rages.
The polar bear bites you!!
Ouch! That really hurt!
* * * LOW HITPOINT WARNING * * *
The polar bear claws you but does no damage.
The polar bear claws you!
You die...

##########
#........#
#........#
##........#
#...≈≈≈..##
#...≈≈≈≈..##
#..≈≈≈≈≈...#
#######..≈≈≈.≈..@#
.........≈≈≈.≈≈.h#
##..###..≈≈..≈≈≈.#
##..# #..≈....≈≈.#
##..# #..≈..∩.≈≈.#
##..# ##.≈≈...5≈.#
##..# (≈≈...≈≈.#
##..# .≈≈.∩.≈≈.#
##..# ..≈...≈≈.#


You could see a polar bear (berserk) and a white imp.

Vanquished Creatures
  Maurice (D:8)
  A troll (D:9)
  2 hippogriffs
  A centaur simulacrum (D:13)
  A shadow (D:12)
  A yak (D:13)
  Grum (D:9)
  A hungry ghost (D:10)
  Edmund (D:4)
  2 water moccasins
  2 porcupines (D:10)
  2 orc warriors (D:7)
  3 black bears
  3 ice beasts
  2 sky beasts
  2 wolves (D:9)
  4 ogres
  5 centaurs
  10 bullfrogs
  3 scorpions
  3 wights (D:10)
  An electric eel (D:13)
  6 crimson imps
  4 hounds
  A quasit (D:9)
  6 orc priests
  6 jellies
  11 orc wizards
  2 iguanas
  Ijyb (D:2)
  Natasha (thrice) (D:2)
  4 worker ants
  A killer bee zombie (D:6)
  3 hound skeletons
  2 worker ant zombies
  3 gnolls (D:9)
  11 adders
  2 shadow imps
  An ooze (D:3)
  2 adder zombies (D:6)
  3 adder skeletons
  5 worms
  8 leopard geckos
  44 orcs
  10 giant cockroaches
  7 goblins
  9 hobgoblins
  6 jackals
  10 quokkas
  7 ball pythons
  8 bats
  8 frilled lizards
  20 kobolds
  A leopard gecko skeleton (D:7)
  2 quokka zombies
  11 rats
280 creatures vanquished.

Vanquished Creatures (others)
  2 fungi (D:10)
  2 plants (D:10)
4 creatures vanquished.

Grand Total: 284 creatures vanquished

Notes
Turn   | Place    | Note
-------+----------+-------------------------------------------
     0 | D:1      | nikopol the Deep Elf Fire Elementalist began the quest for
                  | the Orb.
     0 | D:1      | Reached XP level 1. HP: 10/10 MP: 6/6
   100 | D:1      | Reached XP level 2. HP: 15/15 MP: 2/8
   531 | D:1      | Reached XP level 3. HP: 19/19 MP: 8/10
   535 | D:1      | Learned a level 2 spell: Throw Flame
   539 | D:1      | Learned a level 3 spell: Conjure Flame
   630 | D:2      | Found an opulent altar of Gozag.
   785 | D:2      | Found a snail-covered altar of Cheibriados.
   785 | D:2      | Found a hazy altar of Hepliaklqana.
   786 | D:2      | Found a radiant altar of Vehumet.
   795 | D:2      | Became a worshipper of Vehumet
   851 | D:2      | Reached skill level 4 in Spellcasting
   851 | D:2      | Reached XP level 4. HP: 13/24 MP: 1/12
  1070 | D:2      | Noticed Natasha
  1090 | D:2      | Killed Natasha
  1264 | D:2      | Noticed Natasha
  1275 | D:2      | Killed Natasha
  1386 | D:2      | Noticed Natasha
  1394 | D:2      | Killed Natasha
  1394 | D:2      | Reached XP level 5. HP: 28/28 MP: 3/14
  1887 | D:3      | Found a glowing drain.
  1899 | Sewer    | Entered a sewer
  2166 | Sewer    | Reached * piety under Vehumet
  2166 | Sewer    | Offered knowledge of Sandblast by Vehumet.
  2416 | D:3      | Noticed Ijyb
  2437 | D:3      | Reached skill level 5 in Spellcasting
  2439 | D:3      | Reached XP level 6. HP: 15/32 MP: 5/15
  2479 | D:2      | HP: 1/32 [Ijyb/puff of flame (11)]
  2744 | D:1      | Learned a level 4 spell: Sticky Flame
  2750 | D:1      | Learned a level 5 spell: Fireball
  2810 | D:2      | Killed Ijyb
  2810 | D:2      | Reached skill level 5 in Fire Magic
  3422 | D:4      | Offered knowledge of Shock by Vehumet.
  3559 | D:4      | Noticed Edmund
  3679 | D:4      | Reached ** piety under Vehumet
  3950 | D:4      | Reached XP level 7. HP: 36/36 MP: 14/17
  4316 | D:4      | Killed Edmund
  4316 | D:4      | Reached skill level 6 in Spellcasting
  4606 | D:4      | Found a blossoming altar of Fedhas.
  4663 | D:5      | Entered Level 5 of the Dungeon
  4785 | D:5      | Reached skill level 5 in Conjurations
  4958 | D:5      | Found an ornate altar of the Wu Jian Council.
  4969 | D:5      | Reached skill level 7 in Spellcasting
  5284 | D:5      | Reached XP level 8. HP: 33/41 MP: 8/21
  5629 | D:5      | Reached skill level 8 in Spellcasting
  5643 | D:5      | Offered knowledge of Mephitic Cloud by Vehumet.
  5679 | D:5      | Learned a level 2 spell: Blink
  6235 | D:6      | Reached *** piety under Vehumet
  6361 | D:6      | Reached XP level 9. HP: 45/45 MP: 13/23
  6742 | D:6      | Found a white marble altar of Elyvilon.
  6742 | D:6      | Found a sparkling altar of Nemelex Xobeh.
  6933 | D:7      | Reached skill level 9 in Spellcasting
  6934 | D:7      | Offered knowledge of Ignite Poison by Vehumet.
  7476 | D:7      | Found a staircase to the Ecumenical Temple.
  7599 | D:7      | Found a shadowy altar of Dithmenos.
  7691 | D:7      | Reached skill level 10 in Spellcasting
  8441 | D:8      | Noticed Maurice
  8447 | D:8      | Killed Maurice
  8453 | D:8      | Reached **** piety under Vehumet
  8707 | D:8      | Offered knowledge of Irradiate by Vehumet.
  8884 | D:8      | Reached skill level 1 in Fighting
  9267 | D:9      | Reached XP level 10. HP: 52/52 MP: 24/26
  9398 | D:9      | Reached skill level 5 in Stealth
  9400 | D:9      | Noticed Grum
  9437 | D:9      | Killed Grum
  9614 | D:9      | Reached skill level 11 in Spellcasting
  9809 | D:10     | Entered Level 10 of the Dungeon
 10133 | D:10     | Reached skill level 10 in Fire Magic
 10172 | D:10     | Reached ***** piety under Vehumet
 10329 | D:10     | You fall into a shaft and drop 3 floors!
 10336 | D:13     | Offered knowledge of Conjure Ball Lightning by Vehumet.
 10456 | D:12     | Reached skill level 12 in Spellcasting
 10571 | D:12     | Found a stormy altar of Qazlal.
 10809 | D:14     | Noticed a centaur warrior
 10865 | D:13     | Slain by a polar bear

Levels and vault maps discovered:
D:1:      lightli_arrival_statue_moat, layout_basic, minmay_misc_feat_square
D:2:      layout_rooms, lemuel_round_altar, gammafunk_temple_overflow_claw,
          kennysheep_generic_room_2, uniq_natasha
D:3:      layout_basic, gup_sewer_entry_bubbles, uniq_ijyb
D:4:      layout_basic, first_ration, fedhas_altar_fruit_tree, uniq_edmund
D:5:      layout_loops_ring, basic_altar
D:6:      layout_gridville, gammafunk_temple_overflow_pools,
          serial_co_window_serial, co_window_corner_a, co_window_corner_a,
          co_window_paths_b, co_window_paths_a, co_window_corner_a,
          co_window_paths_a, co_window_corner_cb, co_window_corner_b,
          co_window_of_opportunity_b, co_window_of_opportunity_c,
          glass_columns_a
D:7:      layout_layer_cave, minmay_temple_entry_proselytizer,
          nicolae_dithmenos_through_a_glass_darkly
D:8:      layout_loops_ring, minmay_misc_feat_cross, uniq_maurice
D:9:      layout_cave_pools, hex_large, uniq_grum
D:10:     layout_cave_pools, due_lair_maze_entry_diamond, erik_orc_1,
          serial_shops, shop, grunt_ministairs_6, uniq_josephine, uniq_erica
D:12:     layout_roguey, basic_altar
D:13:     minmay_quarter_circles, layout_long_grid,
          portal_ice_cave_entry_animals_and_master, serial_ice, serial_ice_i,
          serial_ice_b, serial_ice_o, serial_ice_g, grunt_pizzeria
D:14:     layout_cave_pools, david_vaults_5, minmay_tree_intersection,
          nicolae_twisting_strands

Skill      XL: |  1  2  3  4  5  6  7  8  9 10 |
---------------+-------------------------------+-----
Stealth        | 3 4 5 |  5.3
Fire Magic     | 4 5 6 7 9 10 | 10.2
Spellcasting   | 4 5 7 8 10 12 | 12.2
Conjurations   | 2 4 5 7 8 9 |  9.7
Dodging        | 3 4 |  4.3
Fighting       | 1 |  1.1
Evocations     | |  0.8

Action                   |  1- 3 |  4- 6 |  7- 9 | 10-12 || total
-------------------------+-------+-------+-------+-------++-------
Melee: Short sword       |       |       |     3 |       ||     3
 Cast: Flame Tongue      |    58 |   148 |   211 |    88 ||   505
       Throw Flame       |       |    24 |    27 |    11 ||    62
       Conjure Flame     |       |     1 |     2 |       ||     3
       Sticky Flame      |       |     6 |    24 |    14 ||    44
       Fireball          |       |       |    14 |    22 ||    36
Evoke: Wand              |       |       |     7 |       ||     7
  Use: Scroll            |       |     7 |     9 |       ||    16
       Potion            |       |     3 |       |       ||     3
  Eat: Chunk             |       |     7 |    19 |     5 ||    31
       Ration            |       |     1 |       |       ||     1
Armor: Robe              |     3 |    15 |    10 |     6 ||    34
Dodge: Dodged            |    24 |    42 |    39 |    22 ||   127

Table legend:
 A = Non-vault XP
 B = Vault XP
 C = Vault XP percentage of total XP
 D = Non-vault monster count
 E = Vault monster count
 F = Vault count percentage of total count
                 A         B        C        D         E       F
            +---------+---------+-------+---------+---------+-------
      Total |    7101 |    2382 |  25.1 |     231 |      49 |  17.5
            +---------+---------+-------+---------+---------+-------
        D:1 |      41 |       0 |   0.0 |      25 |       0 |   0.0
        D:2 |     151 |      87 |  36.6 |      15 |       4 |  21.1
        D:3 |     205 |      23 |  10.1 |      33 |       6 |  15.4
        D:4 |     373 |     157 |  29.6 |      26 |       1 |   3.7
        D:5 |     956 |       0 |   0.0 |      25 |       0 |   0.0
        D:6 |    1109 |       0 |   0.0 |      26 |       0 |   0.0
        D:7 |    1426 |      41 |   2.8 |      29 |       1 |   3.3
        D:8 |     487 |     439 |  47.4 |      16 |       1 |   5.9
        D:9 |     714 |     438 |  38.0 |      15 |       3 |  16.7
       D:10 |    1041 |     614 |  37.1 |      16 |       6 |  27.3
       D:12 |     307 |       0 |   0.0 |       2 |       0 |   0.0
       D:13 |     170 |     552 |  76.5 |       2 |       3 |  60.0
       D:14 |     121 |       0 |   0.0 |       1 |       0 |   0.0
      Sewer |       0 |      31 | 100.0 |       0 |      24 | 100.0
            +---------+---------+-------+---------+---------+-------
